Unix NetHack Version 5.0.0-0 post-release - last build May 17 2026 04:57:42 (dc50c8380fa5e20985bfe3072449f57b8d9895ef,branch:main).

Game began 2026-05-22 01:36:10, ended 2026-05-22 01:55:53.

Kwijibo4686, neutral female human Valkyrie

                                                    -------------
                                                    |...........|
                                                    |...........|
                                                    |...........|
                                                    |............
                                                    .....(......|
                                                    |............#
                                                    --------.--+-#
                                                    ##########   #
                                                   #####         ##
                                                   ##             #
                                                 ###             #####
                                         -----.--.-----           #--:--
                                         |............|            |ii%h
                                         |......*.....|            |Ziu|
                                         |............|            |uxG|
                                         |>...........|            |@:k|
                                         --------------            -----

Kwijibo4686 the Skirmisher  St:18/03 Dx:10 Co:18 In:8 Wi:10 Ch:8  Neutral
Dlvl:5  $:76 HP:0(34) Pw:10(10) AC:2  Xp:4 T:2174 

Latest messages:
 A pony suddenly appears next to you!
 An elf zombie suddenly appears next to you!
 A grid bug suddenly appears next to you!
 A manes suddenly appears next to you!
 A newt suddenly appears close by!
 A kobold shaman suddenly appears close by!
 Pick a monster, object or location.
 Move cursor to a monster, object or location:
 u        a unicorn or horse (peaceful pony)
 You swap places with the peaceful pony.
 The grid bug bites!
 You get zapped!
 The pony kicks!
 The pony bites!
 The hobbit throws an elven dagger!
 The elven dagger misses the homunculus.
 You are hit by an elven dagger.
 The homunculus just misses!
 The gnome lady hits the elf zombie.
 The pony kicks!
 The pony bites!
 You see here a bag.
 The pony kicks!
 The pony misses!
 The pony kicks!
 The pony misses!
 You miss the pony.
 The newt misses!
 The pony kicks!
 The pony misses!
 You miss the pony.
 The newt misses!
 The pony kicks!
 The pony bites!
 What do you want to zap? [jm or ?*] ?
 In what direction? >
 The magic missile whizzes by you!
 The newt bites!
 The elf zombie hits the gnome lady.
 The gnome lady misses the elf zombie.
 The pony kicks!
 The pony misses!
 What do you want to zap? [jm or ?*] ?
 In what direction? >
 The newt bites!
 The pony kicks!
 The pony bites!
 The pony kicks!
 You die...
 Do you want your possessions identified? [ynq] (y) q

Inventory:
 Coins    ('$')
  $ - 76 gold pieces
 Weapons  (')')
  b - a blessed +0 dagger (alternate weapon; not wielded)
  a - a +1 spear (weapon in left hand)
 Armor    ('[')
  s - an uncursed +0 orcish helm
  c - an uncursed +3 small shield (being worn)
  i - an uncursed +0 scale mail (being worn)
 Comestibles  ('%')
  d - 3 uncursed food rations
  q - an uncursed tripe ration
 Scrolls  ('?')
  o - an uncursed scroll of confuse monster
  k - a blessed scroll of remove curse
 Spellbooks  ('+')
  l - an uncursed spellbook of restore ability
 Potions  ('!')
  f - an uncursed potion of sickness
  g - an uncursed potion of water
 Wands    ('/')
  m - a wand of magic missile (0:4)
  j - a wand of undead turning (0:5)
 Tools    ('(')
  p - an uncursed magic whistle
  h - an uncursed towel

Kwijibo4686 the Valkyrie's attributes:

Background:
 You were a Skirmisher, a level 4 human Valkyrie.
 You were neutral, nominally on a mission for Odin
 who was opposed by Tyr (lawful) and Loki (chaotic).
 You were left-handed.
 You were in the Dungeons of Doom, on level 5.
 You entered the dungeon 2174 turns ago.
 It was nighttime.
 You had 93 experience points, 67 more were needed to attain level 5.

Basics:
 You had 0 out of 34 hit points.
 You had all 10 energy points (spell power).
 Your armor class was 2.
 Your wallet contained 76 zorkmids.
 Autopickup was on for '$?!/="' plus thrown.

Final Characteristics:
 Your strength was 18/03 (limit:18/100).
 Your dexterity was 10 (limit:18).
 Your constitution was 18 (limit:18).
 Your intelligence was 8 (limit:18).
 Your wisdom was 10 (limit:18).
 Your charisma was 8 (limit:18).

Final Status:
 You weren't hungry.
 You were unencumbered.
 You were wielding a spear.
 You had basic skill with spear.

Final Attributes:
 You were piously aligned.
 You were cold resistant.
 You were poison resistant.
 You were stealthy.
 You were warded.
 You are dead.

Miscellaneous:
 You didn't encounter any bones levels.
 Total elapsed playing time was 10 minutes and 24 seconds.

Major events:
 Turn
    1: Kwijibo4686 the neutral human Valkyrie entered the dungeon
 1399: attained the rank of Skirmisher (level 3)
 2174: killed by a pony

You didn't know any spells.

Skills:
 Fighting Skills
   bare handed combat [Unskilled]
   two weapon combat  [Unskilled]
   riding             [Unskilled]
 Weapon Skills
   dagger             [Basic]
   axe                [Unskilled]
   pick-axe           [Unskilled]
   short sword        [Unskilled]
   broadsword         [Unskilled]
   long sword         [Unskilled]
   two-handed sword   [Unskilled]
   saber              [Unskilled]
   hammer             [Unskilled]
   quarterstaff       [Unskilled]
   polearms           [Unskilled]
   spear              [Basic]
   trident            [Unskilled]
   lance              [Unskilled]
   sling              [Unskilled]
 Spellcasting Skills
   attack spells      [Unskilled]
   escape spells      [Unskilled]

Voluntary challenges:
 Character rerolling was not enabled.
 You were an atheist.
 You never genocided any monsters.
 You never polymorphed an object.
 You never changed form.
 You used no wishes.
Achievement:
 You attained the rank of Skirmisher.

 The Dungeons of Doom: levels 1 to 6
    Level 1:
       A fountain.
    Level 2:
    Level 3:
       A grave.
    Level 4:
    Level 5: <- You were here.
       Final resting place for
          you, killed by a pony.
    Level 6:
       A fountain.


Vanquished creatures:
  a shrieker
 an iguana
  3 coyotes
  a gas spore
  a hobbit
  a manes
  a large kobold
  a hobgoblin
  3 giant rats
  a yellow mold
  a green mold
  a red mold
  a gnome zombie
  2 geckos
  5 jackals
  a fox
  2 sewer rats
  3 grid bugs
  2 lichens
  8 newts
40 creatures vanquished.

No species were genocided or became extinct.

Game over:
                       ----------
                      /          \
                     /    REST    \
                    /      IN      \
                   /     PEACE      \
                  /                  \
                  |   Kwijibo4686    |
                  |      76 Au       |
                  | killed by a pony |
                  |                  |
                  |                  |
                  |                  |
                  |       2026       |
                 *|     *  *  *      | *
        _________)/\\_//(\/(/\)/\//\/|_)_______

Farvel Kwijibo4686 the Valkyrie...

You died in The Dungeons of Doom on dungeon level 5 with 701 points,
and 76 pieces of gold, after 2174 moves.
You were level 4 with a maximum of 34 hit points when you died.

